TOP OF THE 1ST |
Bakersfield Bears batting - Pitching for San Jose Bees : RHP Albert Arrieta
|
Pitching: RHP Albert Arrieta
|
|
Batting: RHB Jack Lopez
|
0-0: Foul Ball, location: 2F 0-1: Ball 1-1: Foul Ball, location: 2F 1-2: Reached on error, E6 (Groundball, 6, EV 98.1 MPH)
|
Batting: LHB Jim Eppard
|
0-0: Swinging Strike 0-1: Grounds into double play, 6-4-3 (Groundball, 6, EV 103.8 MPH)
|
Batting: LHB Benny Distefano
|
0-0: Ball 1-0: Ball 2-0: Called Strike 2-1: Foul Ball, location: 2F 2-2: Ball 3-2: Fly out, F7 (Flyball, 7, EV 80.0 MPH)
|
Top of the 1st over - 0 runs, 0 hits, 1 error, 0 left on base; Bakersfield 0 - San Jose 0 |
BOTTOM OF THE 1ST |
San Jose Bees batting - Pitching for Bakersfield Bears : RHP Luis Cuevas
|
Pitching: RHP Luis Cuevas
|
|
Batting: RHB Ricky McMullen
|
0-0: Called Strike 0-1: Ball 1-1: Foul Ball, location: 2F 1-2: Fly out, F8 (Flyball, 8RD, EV 105.6 MPH)
|
Batting: RHB Ron MacDonald
|
0-0: Ground out 6-3 (Groundball, 6, EV 83.1 MPH)
|
Batting: LHB Stanley Davis
|
0-0: Ball 1-0: Ball 2-0: Called Strike 2-1: Ball 3-1: Foul Ball, location: 2F 3-2: Base on Balls
|
Batting: LHB Stanley Younger
|
0-0: Ball 1-0: Ball 2-0: SINGLE (Flyball, 9S, EV 88.8 MPH) Stanley Davis to second Runner from 2nd tries for 3rd, SAFE, throw by RF made to third
|
Batting: LHB Dale Weaver
|
0-0: Ball 1-0: Called Strike 1-1: Ball 2-1: Foul Ball, location: 2F 2-2: Ball 3-2: SINGLE (Groundball, 4MD, EV 106.3 MPH) Stanley Davis scores Stanley Younger to second Stanley Younger to third
|
Batting: RHB Timothy Wallace
|
0-0: Foul Ball, location: 2F 0-1: Fielders Choice at 2nd, 6-4 (Groundball, 6, EV 98.1 MPH)
|
Bottom of the 1st over - 1 run, 2 hits, 0 errors, 2 left on base; Bakersfield 0 - San Jose 1 |
TOP OF THE 2ND |
Bakersfield Bears batting - Pitching for San Jose Bees : RHP Albert Arrieta
|
Batting: RHB Steve Buechele
|
0-0: Called Strike 0-1: Ball 1-1: Fly out, F8 (Flyball, 8RXD, EV 85.0 MPH)
|
Batting: RHB Aaron Cain
|
0-0: Called Strike 0-1: Ball 1-1: Ground out 4-3 (Groundball, 4S, EV 84.4 MPH)
|
Batting: RHB Antonio Alicea
|
0-0: Ball 1-0: Ball 2-0: Ball 3-0: Base on Balls
|
Batting: RHB Trey Brooks
|
0-0: Called Strike 0-1: Ball 1-1: Swinging Strike 1-2: Ball 2-2: Foul Ball, location: 2F 2-2: Ball 3-2: SINGLE (Line Drive, 6M, EV 106.9 MPH) Antonio Alicea to second Antonio Alicea to third
|
Batting: RHB Mark Maher
|
0-0: Ball 1-0: Fly out, F7 (Line Drive, 7, EV 96.3 MPH)
|
Top of the 2nd over - 0 runs, 1 hit, 0 errors, 2 left on base; Bakersfield 0 - San Jose 1 |
BOTTOM OF THE 2ND |
San Jose Bees batting - Pitching for Bakersfield Bears : RHP Luis Cuevas
|
Batting: RHB Bill Pinkham
|
0-0: Ball 1-0: Ball 2-0: Fly out, F9 (Line Drive, 9, EV 92.5 MPH)
|
Batting: LHB Donald Seeker
|
0-0: Called Strike 0-1: Called Strike 0-2: Fly out, F7 (Flyball, 7, EV 80.6 MPH)
|
Batting: RHB Russell Ramirez
|
0-0: Ball 1-0: Foul Ball, location: 2F 1-1: Ball 2-1: DOUBLE (Line Drive, 7LS, EV 103.1 MPH)
|
Batting: RHB Ricky McMullen
|
0-0: Ball 1-0: Ball 2-0: Foul Ball, location: 2F 2-1: Called Strike 2-2: Foul Ball, location: 2F 2-2: Ball 3-2: SINGLE (Line Drive, 56, EV 106.3 MPH) Russell Ramirez to third Russell Ramirez scores
|
Batting: RHB Ron MacDonald
|
0-0: Fielders Choice at 2nd, 6-4 (Groundball, 6, EV 85.6 MPH)
|
Bottom of the 2nd over - 1 run, 2 hits, 0 errors, 1 left on base; Bakersfield 0 - San Jose 2 |
TOP OF THE 3RD |
Bakersfield Bears batting - Pitching for San Jose Bees : RHP Albert Arrieta
|
Batting: RHB Jeff Rutledge
|
0-0: Foul Ball, location: 2F 0-1: Ball 1-1: Swinging Strike 1-2: Ball 2-2: Foul Ball, location: 2F 2-2: Foul Ball, location: 2F 2-2: Ground out 6-3 (Groundball, 4M, EV 110.6 MPH)
|
Batting: RHB Jack Lopez
|
0-0: Ball 1-0: Ball 2-0: Ball 3-0: Called Strike 3-1: Base on Balls
|
Batting: LHB Jim Eppard
|
0-0: Ball 1-0: Called Strike 1-1: Fly out, F9 (Flyball, 9S, EV 83.1 MPH)
|
Batting: LHB Benny Distefano
|
0-0: Called Strike Jack Lopez steals 2nd base 0-1: DOUBLE (Flyball, 78XD, EV 98.1 MPH) Jack Lopez scores
|
Batting: RHB Steve Buechele
|
0-0: Ball 1-0: Ball 2-0: Ball 3-0: Called Strike 3-1: Fly out, F6 (Popup, 6MD, EV 56.3 MPH)
|
Top of the 3rd over - 1 run, 1 hit, 0 errors, 1 left on base; Bakersfield 1 - San Jose 2 |
BOTTOM OF THE 3RD |
San Jose Bees batting - Pitching for Bakersfield Bears : RHP Luis Cuevas
|
Batting: LHB Stanley Davis
|
0-0: Ball 1-0: Fly out, F6 (Flyball, 56D, EV 90.0 MPH)
|
Batting: LHB Stanley Younger
|
0-0: Called Strike 0-1: Ball 1-1: Called Strike 1-2: Ball 2-2: Ball 3-2: Base on Balls
|
Batting: LHB Dale Weaver
|
0-0: Ball Stanley Younger steals 2nd base 1-0: Ball 2-0: Swinging Strike 2-1: Foul Ball, location: 2F 2-2: Ball 3-2: Base on Balls
|
Batting: RHB Timothy Wallace
|
0-0: Ball Dale Weaver steals 2nd base Stanley Younger steals 3rd base 1-0: SINGLE (Line Drive, 9LS, EV 93.1 MPH) Stanley Younger scores Dale Weaver to third Runner from 3rd tries for Home, SAFE, throw by RF to home
|
Batting: RHB Bill Pinkham
|
0-0: Called Strike 0-1: Ball Wild Pitch! Timothy Wallace to second 1-1: Fly out, F8 (Flyball, 89D, EV 91.9 MPH) Runner from 2nd tags up, SAFE at 3rd, no throw by CF
|
Batting: LHB Donald Seeker
|
0-0: Called Strike 0-1: Foul Ball, location: 2F 0-2: Ball 1-2: Ball 2-2: Foul Ball, location: 2F 2-2: Ball 3-2: Fly out, F8 (Flyball, 78D, EV 93.1 MPH)
|
Bottom of the 3rd over - 2 runs, 1 hit, 0 errors, 1 left on base; Bakersfield 1 - San Jose 4 |
TOP OF THE 4TH |
Bakersfield Bears batting - Pitching for San Jose Bees : RHP Albert Arrieta
|
Batting: RHB Aaron Cain
|
0-0: Ball 1-0: Called Strike 1-1: DOUBLE (Flyball, 8LD, EV 96.3 MPH)
|
Batting: RHB Antonio Alicea
|
0-0: Ball 1-0: Ball 2-0: Ground out 6-3 (Groundball, 6S, EV 78.8 MPH) Aaron Cain to third
|
Batting: RHB Trey Brooks
|
0-0: Ball 1-0: Ball 2-0: SINGLE (Line Drive, 6M, EV 104.4 MPH) Aaron Cain scores
|
Batting: RHB Mark Maher
|
0-0: Swinging Strike 0-1: Ball 1-1: Called Strike 1-2: SINGLE (Flyball, 3D, EV 96.3 MPH) Trey Brooks to second
|
Batting: RHB Jeff Rutledge
|
0-0: Swinging Strike 0-1: Called Strike 0-2: Ball 1-2: Fielders Choice at 2nd, 6-4 (Groundball, 6, EV 93.8 MPH) Trey Brooks to third
|
Batting: RHB Jack Lopez
|
0-0: Called Strike 0-1: Ball 1-1: Fielders Choice at 2nd, 6-4 (Groundball, 6, EV 80.0 MPH)
|
Top of the 4th over - 1 run, 3 hits, 0 errors, 2 left on base; Bakersfield 2 - San Jose 4 |
BOTTOM OF THE 4TH |
San Jose Bees batting - Pitching for Bakersfield Bears : RHP Luis Cuevas
|
Batting: RHB Russell Ramirez
|
0-0: SOLO HOME RUN (Line Drive, 7LD, EV 100.6 MPH), Distance : 353 ft
|
Batting: RHB Ricky McMullen
|
0-0: Called Strike 0-1: Ball 1-1: Ground out 3-1 (Groundball, 34, EV 91.9 MPH)
|
Batting: RHB Ron MacDonald
|
0-0: Ground out U3 (Groundball, 3, EV 105.6 MPH)
|
Batting: LHB Stanley Davis
|
0-0: Called Strike 0-1: Foul Ball, location: 2F 0-2: Strikes out looking
|
Bottom of the 4th over - 1 run, 1 hit, 0 errors, 0 left on base; Bakersfield 2 - San Jose 5 |
TOP OF THE 5TH |
Bakersfield Bears batting - Pitching for San Jose Bees : RHP Albert Arrieta
|
Batting: LHB Jim Eppard
|
0-0: Ball 1-0: Ball 2-0: Called Strike 2-1: Foul Ball, location: 2F 2-2: Fly out, F7 (Flyball, 7D, EV 89.4 MPH)
|
Batting: LHB Benny Distefano
|
0-0: Called Strike 0-1: Ball 1-1: Foul Ball, location: 2F 1-2: Ball 2-2: Foul Ball, location: 2F 2-2: Strikes out swinging
|
Batting: RHB Steve Buechele
|
0-0: Foul Ball, location: 2F 0-1: Foul Ball, location: 7LSF, Error on foul ball, E7 0-2: Ground out 5-3 (Groundball, 56, EV 96.9 MPH)
|
Top of the 5th over - 0 runs, 0 hits, 1 error, 0 left on base; Bakersfield 2 - San Jose 5 |
BOTTOM OF THE 5TH |
San Jose Bees batting - Pitching for Bakersfield Bears : RHP Luis Cuevas
|
Batting: LHB Stanley Younger
|
0-0: Ball 1-0: Ball 2-0: Ball 3-0: Base on Balls
|
Batting: LHB Dale Weaver
|
0-0: Ball 1-0: Called Strike 1-1: Ball 2-1: Foul Ball, location: 2F 2-2: Fly out, F6 (Popup, 6, EV 61.3 MPH)
|
Batting: RHB Timothy Wallace
|
0-0: Ball 1-0: Ball 2-0: Called Strike 2-1: Ball 3-1: Foul Ball, location: 2F 3-2: Fielders Choice at 2nd, 1-6 (Groundball, 13S, EV 72.5 MPH)
|
Batting: RHB Bill Pinkham
|
0-0: Fly out, F2 (Popup, 25F, EV 81.9 MPH)
|
Bottom of the 5th over - 0 runs, 0 hits, 0 errors, 1 left on base; Bakersfield 2 - San Jose 5 |
TOP OF THE 6TH |
Bakersfield Bears batting - Pitching for San Jose Bees : RHP Albert Arrieta
|
Batting: RHB Aaron Cain
|
0-0: Foul Ball, location: 2F 0-1: Ball 1-1: Ball 2-1: Ground out 6-3 (Groundball, 6, EV 86.9 MPH)
|
Batting: RHB Antonio Alicea
|
0-0: Ball 1-0: Called Strike 1-1: Ball 2-1: SINGLE (Line Drive, 34, EV 95.6 MPH)
|
Batting: RHB Trey Brooks
|
0-0: Ball 1-0: Foul Ball, location: 2F 1-1: SINGLE (Groundball, 34S, EV 85.0 MPH) (infield hit) Antonio Alicea to second
|
Batting: RHB Mark Maher
|
0-0: Ball 1-0: Ground out 3-1 (Groundball, 13, EV 87.5 MPH) Antonio Alicea to third Trey Brooks to second
|
Batting: RHB Jeff Rutledge
|
0-0: Ball 1-0: Ball 2-0: Ball 3-0: Called Strike 3-1: Fly out, F9 (Flyball, 9LM, EV 91.3 MPH)
|
Top of the 6th over - 0 runs, 2 hits, 0 errors, 2 left on base; Bakersfield 2 - San Jose 5 |
BOTTOM OF THE 6TH |
San Jose Bees batting - Pitching for Bakersfield Bears : RHP Luis Cuevas
|
Batting: LHB Donald Seeker
|
0-0: Called Strike 0-1: Foul Ball, location: 2F 0-2: Fly out, F8 (Flyball, 89M, EV 95.0 MPH)
|
Batting: RHB Russell Ramirez
|
0-0: Ball 1-0: Ball 2-0: Called Strike 2-1: Ball 3-1: Base on Balls
|
Batting: RHB Ricky McMullen
|
0-0: Fielders Choice at 2nd, 4-6 (Groundball, 34, EV 92.5 MPH)
|
Batting: RHB Ron MacDonald
|
0-0: Called Strike Ricky McMullen steals 2nd base 0-1: Swinging Strike 0-2: Ball 1-2: Ground out 6-3 (Groundball, 4MS, EV 86.3 MPH)
|
Bottom of the 6th over - 0 runs, 0 hits, 0 errors, 1 left on base; Bakersfield 2 - San Jose 5 |
TOP OF THE 7TH |
Bakersfield Bears batting - Pitching for San Jose Bees : RHP Albert Arrieta
|
Batting: RHB Jack Lopez
|
0-0: Fly out, F8 (Flyball, 8RM, EV 87.5 MPH)
|
Batting: LHB Jim Eppard
|
0-0: Fly out, F8 (Line Drive, 8LM, EV 91.9 MPH)
|
Batting: LHB Benny Distefano
|
0-0: Ball 1-0: Called Strike 1-1: SOLO HOME RUN (Flyball, 9LD, EV 99.4 MPH), Distance : 354 ft
|
Batting: RHB Steve Buechele
|
0-0: Ball 1-0: Ground out 4-3 (Groundball, 4, EV 83.1 MPH)
|
Top of the 7th over - 1 run, 1 hit, 0 errors, 0 left on base; Bakersfield 3 - San Jose 5 |
BOTTOM OF THE 7TH |
San Jose Bees batting - Pitching for Bakersfield Bears : RHP Luis Cuevas
|
Pitching: RHP Marc Campbell
|
|
Batting: LHB Stanley Davis
|
0-0: Ball 1-0: Swinging Strike 1-1: Ball 2-1: Ball 3-1: SOLO HOME RUN (Flyball, 9D, EV 104.4 MPH), Distance : 356 ft
|
Batting: LHB Stanley Younger
|
0-0: Ball 1-0: Ball 2-0: Swinging Strike 2-1: Foul Ball, location: 2F 2-2: Ball 3-2: Base on Balls
|
Batting: LHB Dale Weaver
|
0-0: Ball Stanley Younger is caught stealing 2nd base 2-6 1-0: Ball 2-0: Ball 3-0: Base on Balls
|
Batting: RHB Timothy Wallace
|
0-0: Called Strike 0-1: Called Strike 0-2: Foul Ball, location: 2F 0-2: Ball 1-2: Grounds into double play, 6-4-3 (Groundball, 6D, EV 85.6 MPH)
|
Bottom of the 7th over - 1 run, 1 hit, 0 errors, 0 left on base; Bakersfield 3 - San Jose 6 |
TOP OF THE 8TH |
Bakersfield Bears batting - Pitching for San Jose Bees : RHP Albert Arrieta
|
Batting: RHB Aaron Cain
|
0-0: Ground out 1-3 (Groundball, 13S, EV 61.3 MPH)
|
Batting: RHB Antonio Alicea
|
0-0: Ground out 4-3 (Groundball, 4MS, EV 63.8 MPH)
|
Batting: RHB Trey Brooks
|
0-0: Swinging Strike 0-1: Ball 1-1: Foul Ball, location: 2F 1-2: Strikes out swinging
|
Top of the 8th over - 0 runs, 0 hits, 0 errors, 0 left on base; Bakersfield 3 - San Jose 6 |
BOTTOM OF THE 8TH |
San Jose Bees batting - Pitching for Bakersfield Bears : RHP Marc Campbell
|
Batting: RHB Bill Pinkham
|
0-0: Ball 1-0: Ground out 6-3 (Groundball, 6, EV 86.9 MPH)
|
Batting: LHB Donald Seeker
|
0-0: Called Strike 0-1: Ball 1-1: SINGLE (Groundball, 4D, EV 104.4 MPH)
|
Batting: RHB Russell Ramirez
|
0-0: Swinging Strike 0-1: SINGLE (Line Drive, 56D, EV 106.3 MPH) Donald Seeker to second
|
Batting: RHB Ricky McMullen
|
0-0: Ball 1-0: Called Strike 1-1: Ball 2-1: Ground out 5-3 (Groundball, 56S, EV 86.3 MPH) Donald Seeker to third Russell Ramirez to second
|
Batting: RHB Ron MacDonald
|
0-0: Called Strike 0-1: Swinging Strike 0-2: Foul Ball, location: 2F 0-2: Ground out 6-3 (Groundball, 6MD, EV 110.6 MPH)
|
Bottom of the 8th over - 0 runs, 2 hits, 0 errors, 2 left on base; Bakersfield 3 - San Jose 6 |
TOP OF THE 9TH |
Bakersfield Bears batting - Pitching for San Jose Bees : RHP Albert Arrieta
|
Batting: RHB Mark Maher
|
0-0: Swinging Strike 0-1: Ball 1-1: Swinging Strike 1-2: Strikes out swinging
|
Batting: RHB Jeff Rutledge
|
0-0: Called Strike 0-1: Swinging Strike 0-2: Ball 1-2: Ball 2-2: Ground out 4-3 (Groundball, 4, EV 86.3 MPH)
|
Batting: RHB Jack Lopez
|
0-0: Called Strike 0-1: Ball 1-1: Ground out 6-3 (Groundball, 6M, EV 83.8 MPH)
|
Top of the 9th over - 0 runs, 0 hits, 0 errors, 0 left on base; Bakersfield 3 - San Jose 6 |
|